Description

1.每拆掉一个柱子,其他柱子就会完全恢复护盾并且获得一个新的技能。 2.若红点的空运单位被提前击杀,则不会召唤混合体。 3.从第五波红点开始为随机出现。 4.奖励会根据柱子位置刷新。

Build Order

Get SALT Encoding   

  1  2:48  Action 上(左)  
  2  7:00  Action 左(上)  
  3  9:00  Action  
  4  12:30  Action  
  5  16:00  Action 上/左  
  6  19:00  Action 上/左  
  7  22:00  Action 上/左  
  8  24:00  Action 上/左  
  9  26:00  Action 上/左  
Spawning Tool Build Advisor. Get it on Overwolf

Go to:

Details

  • Created by: DCpro
  • Published on: Aug 09, 2021
  • Modified on: Aug 09, 2021
  • Patch: 4.11.0
  • Difficulty: Medium
Show
View Real Time Build Order
Export as new Build Order

Comments (0)

There are no comments. Be the first!

Create an account to comment!